 Dungeon Crawl Stone Soup version 0.18.1-8-gdd0e5ea (webtiles) character file.

490 epen the Changer (level 7, -6/52 HPs)
             Began as a Merfolk Transmuter on May 22, 2016.
             Killed by nerve-wracking pain
             ... invoked by an orc priest
              (9 damage)
             ... on level 5 of the Dungeon.
             The game lasted 00:06:52 (5649 turns).

epen the Changer (Merfolk Transmuter)               Turns: 5649, Time: 00:06:53

Health: -6/52      AC:  2    Str: 10    XL:     7   Next: 14%
Magic:  9/11       EV: 27    Int: 14    God:
Gold:   201        SH:  0    Dex: 20    Spells: 4 memorised, 1 level left

rFire  . . .     SeeInvis .       - Unarmed
rCold  . . .     Gourm    .     (armour currently unavailable)
rNeg   . . .     Faith    .     (shield currently unavailable)
rPois  x         Spirit   .     (helmet currently unavailable)
rElec  .         Dismiss  .     (cloak currently unavailable)
rCorr  .         Reflect  .     (gloves currently unavailable)
SustAt .         Harm     .     (boots currently unavailable)
MR     .....                    r - amulet of magic regeneration
Stlth  ++........               (no ring)
                                k - +3 ring of evasion

@: spider-form, not resistant to hostile enchantments, unstealthy
A: (change form in water), (swift swim)
a: End Transformation


You were on level 5 of the Dungeon.
You were hungry.
You were a venomous arachnid creature.
You visited 1 branch of the dungeon, and saw 5 of its levels.

You collected 201 gold pieces.

Inventory:

Missiles
 a - 53 arrows
Armour
 b - a +0 robe (melded)
Jewellery
 k - a +3 ring of evasion (left front leg)
 r - an amulet of magic regeneration (around neck)
Wands
 h - a wand of lightning (6/15)
 q - a wand of iceblast (9/15)
Scrolls
 e - 3 scrolls of identify {unknown}
 f - a scroll of remove curse {unknown}
 m - a scroll of teleportation {unknown}
 o - a scroll of fog {unknown}
 t - 2 scrolls of fear {unknown}
Potions
 g - 2 potions of brilliance {unknown}
 i - a potion of experience {unknown}
 j - a potion of degeneration {unknown}
 l - a potion of cure mutation {unknown}
 n - a potion of curing {unknown}
 p - 2 potions of lignification {unknown}
 v - 2 potions of agility {unknown}
 w - a potion of might {unknown}
Books
 c - a book of Changes

   Spells                             Type                      Level
   a - Beastly Appendage              Transmutation                1
   b - Sticks to Snakes               Transmutation                2
   c - Spider Form                    Transmutation/Poison         3
   d - Ice Form                       Ice/Transmutation            4
   e - Blade Hands                    Transmutation                5
Comestibles
 d - 6 bread rations
 s - 2 meat rations
 u - a slice of pizza


   Skills:
 + Level 3.4 Fighting
 + Level 5.0 Dodging
 + Level 4.6 Unarmed Combat
 + Level 3.1 Spellcasting
 * Level 5.6 Transmutations


You had one spell level left.
You knew the following spells:

 Your Spells              Type           Power        Failure   Level  Hunger
a - Beastly Appendage     Trmt           ###...       10%         1    #......
b - Sticks to Snakes      Trmt           ###.....     12%         2    ##.....
c - Spider Form           Trmt/Pois      ##........   41%         3    ###....
d - Blade Hands           Trmt           ###.......   87%         5    ######.


Dungeon Overview and Level Annotations

Branches:
Dungeon (5/15)
 Temple: D:4-7

Altars:
Makhleb
Trog

Shops:
D:5 }


Message History

Beogh smites you!
You barely miss the orc priest. The orc priest completely misses you.
You barely miss the orc priest.
The orc priest hits you with a dagger of holy wrath.
Casting: Spider Form
Confirm with . or Enter, or press ? or * to list all spells.
You turn into a venomous arachnid creature.
Your +0 robe melds into your body.
The orc priest calls down the wrath of Beogh upon you.
Beogh smites you!
* * * LOW HITPOINT WARNING * * *
You hit the orc priest but do no damage.
You hit the orc priest.
The orc priest is poisoned.
The orc priest is lightly wounded.
The orc priest closely misses you.
You hit the orc priest but do no damage.
The orc priest is lightly wounded.
The orc priest invokes the aid of Beogh against you.
Pain shoots through your body!
You die...

##### ##### #...
#...######.#####
#..∩....so)....#
#...######.###.#
#########...######.#
#.................o.
#.........######{o.
#.#.........# #....
#...........# #.o...
..###.......##
#.....# ...
#.....<.... .....##


You could see an orc priest.

Vanquished Creatures
  2 hounds (D:4)
  2 orc priests (D:4)
  A giant frog skeleton (D:4)
  3 iguanas
  An orc wizard (D:5)
  3 worker ants
  5 adders
  An adder skeleton (D:4)
  5 worms
  2 dart slugs
  A giant gecko (D:3)
  13 orcs
  2 ball pythons (D:1)
  7 giant cockroaches
  8 goblins
  9 hobgoblins
  5 jackals (D:3)
  3 kobolds
  A quokka (D:4)
  2 bats
  A giant gecko skeleton (D:4)
  8 giant newts
  A jackal skeleton (D:4)
  13 rats
99 creatures vanquished.

Vanquished Creatures (collateral kills)
  An ooze (D:2)
  A hobgoblin (D:1)
  2 kobolds (D:1)
4 creatures vanquished.

Vanquished Creatures (others)
  2 fungi (D:5)
2 creatures vanquished.

Grand Total: 105 creatures vanquished

Notes
Turn   | Place    | Note
--------------------------------------------------------------
     0 | D:1      | epen the Merfolk Transmuter began the quest for the Orb.
     0 | D:1      | Reached XP level 1. HP: 15/15 MP: 3/3
     6 | D:1      | Noticed a water moccasin
     6 | D:1      | Noticed an iguana
     6 | D:1      | Noticed a hound
     6 | D:1      | Noticed a wyvern
   229 | D:1      | Reached XP level 2. HP: 11/21 MP: 5/5
   315 | D:1      | HP: 1/21 [bat (1)]
   609 | D:1      | Learned a level 2 spell: Sticks to Snakes
   973 | D:1      | Reached XP level 3. HP: 19/26 MP: 6/6
  1010 | D:1      | Learned a level 3 spell: Spider Form
  1766 | D:2      | Noticed a moth of wrath
  1769 | D:2      | Found a bloodstained altar of Trog.
  2580 | D:2      | Reached XP level 4. HP: 33/33 MP: 7/7
  3118 | D:3      | Found a burning altar of Makhleb.
  3193 | D:3      | Reached XP level 5. HP: 38/38 MP: 4/8
  3902 | D:4      | Reached XP level 6. HP: 46/46 MP: 6/10
  3936 | D:4      | Reached skill level 5 in Transmutations
  4336 | D:4      | Learned a level 5 spell: Blade Hands
  5247 | D:4      | Reached XP level 7. HP: 38/52 MP: 8/11
  5287 | D:5      | Entered Level 5 of the Dungeon
  5365 | D:5      | Reached skill level 5 in Dodging
  5607 | D:5      | Found Yban's Gadget Shop.
  5646 | D:5      | HP: 2/52 [orc priest/divine providence (14)]
  5649 | D:5      | Killed from afar by an orc priest

Skill      XL: |  1  2  3  4  5  6  7 |
---------------+----------------------+-----
Transmutations | 3 4 5 |  5.6
Dodging        | 3 4 5 |  5.0
Fighting       | 2 3 |  3.4
Unarmed Combat | 4 |  4.6
Spellcasting   | 3 |  3.1

Action                   |  1- 3 |  4- 6 |  7- 9 || total
-------------------------+-------+-------+-------++-------
Melee: Unarmed           |   152 |   224 |    30 ||   406
       Punch             |     2 |     2 |     1 ||     5
       Headbutt          |     1 |       |       ||     1
 Cast: Beastly Appendage |     2 |       |       ||     2
       Sticks to Snakes  |     4 |       |       ||     4
       Spider Form       |     3 |    13 |     3 ||    19
 Stab: Sleeping          |     3 |     5 |       ||     8
       Distracted        |       |     2 |       ||     2
  Eat: Chunk             |     6 |    11 |     1 ||    18
Armor: Robe              |    21 |    12 |       ||    33
Dodge: Dodged            |   102 |   176 |    23 ||   301
